 Dungeon Crawl Stone Soup version 0.31.0-1-g2c135a0 (webtiles) character file.

Game seed: 4884057084754536208

5 bonegar the Sneak (level 1, -1/15 HPs)
             Began as a Naga Enchanter on Feb 13, 2024.
             Slain by a jackal (3 damage)
             ... on level 1 of the Dungeon.
             The game lasted 00:02:03 (352 turns).

bonegar the Sneak (Naga Enchanter)                   Turns: 352, Time: 00:02:03

Health: -1/15      AC:  1    Str: 10    XL:     1   Next: 80%
Magic:  3/3        EV:  9    Int: 15    God:
Gold:   12         SH:  0    Dex: 11    Spells: 4/4 levels left

rFire   . . .        a - +1 dagger
rCold   . . .        (no shield)
rNeg    . . .        b - +0 robe
rPois   +            (no helmet)
rElec   .            (no cloak)
rCorr   .            (no gloves)
SInv    +            (no barding)
Will    .....        d - amulet of magic regeneration
Stlth   +++          (no ring)
HPRegen 0.22/turn    (no ring)
MPRegen 0.48/turn

%: no passive effects
@: invisible, very slow
A: AC +0, large, see invisible, deformed body, poison resistance, slowness 2,
spit poison 1, naga tail 1
a: Spit Poison


You were on level 1 of the Dungeon.
You visited 1 branch of the dungeon, and saw 1 of its levels.

You collected 12 gold pieces.

Inventory:

Hand Weapons
 a - a +1 dagger (weapon)
Armour
 b - a +0 robe (worn)
Jewellery
 d - an amulet of magic regeneration (around neck)
 f - a ring of resist corrosion
Scrolls
 e - 2 scrolls of immolation
 g - a scroll of torment {unknown}
Potions
 c - a potion of invisibility


   Skills:
 + Level 1.0 Short Blades
 + Level 1.5 Dodging
 + Level 4.7 Stealth
 + Level 2.0 Spellcasting
 + Level 3.1 Hexes


You had 4 spell levels left.
You didn't know any spells.
Your spell library contained the following spells:

 Spells                   Type           Power      Damage    Failure   Level
 Ensorcelled Hibernation  Hex/Ice        12%        N/A       17%         2
 Confusing Touch          Hex            11%        N/A       19%         3
 Tukima's Dance           Hex            11%        N/A       19%         3
 Dazzling Flash           Conj/Hex       12%        N/A       34%         3


Dungeon Overview and Level Annotations

Branches:
Dungeon (1/15)

Altars:


Innate Abilities, Weirdness & Mutations

Your serpentine skin is tough. (AC +0)
You have supernaturally acute eyesight. (SInv)
Armour fits poorly on your strangely shaped body.
Your system is resistant to poisons. (rPois)
You cover ground very slowly.
You can spit poison.
You have a snake-like lower body.


Message History

You puncture the bat!
You kill the bat!
You see here a bat corpse.
f - a ring of resist corrosion
There are no items here.
g - a scroll labelled OMUTUL BEAT
Found a stone staircase leading down. 3 jackals come into view.
A jackal and a frilled lizard come into view.
The jackal barks! x2
The jackal bites you.
The jackal barks!
You closely miss the jackal. The jackal bites you.
The jackal closely misses you.
You closely miss the jackal. The jackal closely misses you.
The jackal bites you.
You hit the jackal.
The jackal is almost dead.
The jackal barely misses you. The jackal bites you.
You fade into invisibility!
The jackal bites you but does no damage.
The jackal bites you. The jackal closely misses you.
The jackal bites you but does no damage.
The jackal bites you.
You catch the helpless jackal completely off-guard!
You puncture the jackal!
You kill the jackal!
The frilled lizard hisses angrily.
The jackal misses you. The jackal bites you.
* * * LOW HITPOINT WARNING * * *
The jackal bites you.
* * * LOW HITPOINT WARNING * * *
You hit the jackal.
The jackal is heavily wounded.
A ball python comes into view.
The jackal completely misses you. The jackal barely misses you. x2
You barely miss the jackal.
The jackal is heavily wounded.
The jackal closely misses you. The jackal bites you.
You die...

#.............###
. .#.###.#####.#
#.# #.# . #.# .#
#.###### ...
###.##... .l
#...##.##.#
#.........#
#..###@##.# #..


#hhh# #........> #..##...### ##### ##.. ..... <'..####............
###...........##.##. # ###.#####... #.. .. # #.# You could see 3 jackals and a
frilled lizard (wandering, unable to see you).

Vanquished Creatures
  A giant cockroach (D:1)
  A jackal (D:1)
  A quokka (D:1)
  A bat (D:1)
  A kobold (D:1)
5 creatures vanquished.

Notes
Turn   | Place    | Note
-------+----------+-------------------------------------------
     0 | D:1      | bonegar the Naga Enchanter began the quest for the Orb.
     0 | D:1      | Reached XP level 1. HP: 15/15 MP: 3/3
   151 | D:1      | Found a faded altar of an unknown god.
   352 | D:1      | Slain by a jackal

Illustrated notes

Levels and vault maps discovered:
D:1:      dpeg_arrival_tiny_b, layout_loops_ring, serial_glass, glass_columns_c,
          glass_columns_a, hellmonk_ecumenical_altar_blasted

Action                     || total
---------------------------++-------
  Melee: Dagger            ||    31
    Use: Potion            ||     1
   Stab: Sleeping          ||     2
         Invisible         ||     1
 Armour: Robe              ||    28
  Dodge: Dodged            ||    20
